 Dungeon Crawl Stone Soup version 0.21-a0-529-g8c7b3f5 (webtiles) character file.

287 slep the Chopper (level 6, 0/32 HPs)
             Began as a Vine Stalker Gladiator on Dec 12, 2017.
             Slain by a centaur (4 damage)
             ... on level 4 of the Dungeon.
             The game lasted 00:06:58 (2505 turns).

slep the Chopper (Vine Stalker Gladiator)           Turns: 2505, Time: 00:06:59

Health: 0/32       AC:  8    Str: 17    XL:     6   Next: 30%
Magic:  0/7        EV: 12    Int:  8    God:
Gold:   92         SH:  0    Dex: 17    Spells: 5/5 levels left

rFire    . . .     SeeInvis .   a - +0 war axe
rCold    . . .     Gourm    .   (no shield)
rNeg     . . .     Faith    .   e - +0 ring mail
rPois    .         Spirit   +   y - +2 hat
rElec    .         Reflect  .   (no cloak)
rCorr    .         Harm     .   (no gloves)
MR       .....                  p - +0 pair of boots
Stlth    +.........             (no amulet)
HPRegen  0.50/turn              (no ring)
MPRegen  0.10/turn              (no ring)

@: no status effects
A: fangs 2, regeneration 1, magic shield, antimagic bite, no potion heal 3, rot
immunity
a: no special abilities


You were on level 4 of the Dungeon.
You were not hungry.

You visited 1 branch of the dungeon, and saw 4 of its levels.

You collected 92 gold pieces.

Inventory:

Hand Weapons
 a - a +0 war axe (weapon)
 v - a +0 blowgun
Missiles
 d - 3 throwing nets (quivered)
 t - 51 poisoned needles
 w - 3 curare-tipped needles
Armour
 b - a +0 leather armour
 c - a +0 helmet
 e - a +0 ring mail (worn)
 p - a +0 pair of boots (worn)
 y - a +2 hat (worn)
Scrolls
 g - a scroll of enchant weapon {unknown}
 h - a scroll of blinking {unknown}
 i - 2 scrolls of immolation {unknown}
 j - 2 scrolls of amnesia {unknown}
 k - 2 scrolls of enchant armour {unknown}
 l - 2 scrolls of fear {unknown}
 n - a scroll of remove curse {unknown}
Potions
 m - a potion of agility {unknown}
 o - a potion of heal wounds {unknown}
 q - 2 potions of ambrosia {unknown}
 u - a potion of mutation {unknown}
 z - a potion of flight {unknown}
 A - a potion of might {unknown}
Comestibles
 f - 2 bread rations
 r - 2 royal jellies
 s - 2 fruits
 x - a chunk of flesh


   Skills:
 + Level 2.6 Fighting
 + Level 4.8 Axes
 + Level 2.0 Throwing
 + Level 1.7 Armour
 + Level 3.1 Dodging
 + Level 0.5 Stealth


You had 5 spell levels left.
You didn't know any spells.

Dungeon Overview and Level Annotations

Branches:
Dungeon (4/15)
 Temple: D:4-7

Altars:
Ashenzari
Dithmenos
Fedhas
Hepliaklqana
Vehumet
The Shining One


Innate Abilities, Weirdness & Mutations

You have extremely sharp teeth.
Your natural rate of healing is unusually fast.
When hurt, damage is shared between your health and your magic reserves.
Your bite disrupts and absorbs the magic of your enemies.
Potions cannot restore your health.
You are immune to rotting.


Message History

You finish taking off your +0 helmet.
You start putting on your armour.
You continue putting on your embroidered hat. x5
You finish putting on your +2 hat.
Found 6 arrows.
t - 51 poisoned needles (gained 16)
A centaur comes into view.
The centaur shouts!
The centaur wields a shortbow.
The centaur shoots an arrow.
The arrow hits you!
You see here an arrow.
The centaur shoots an arrow.
The arrow hits you!
The centaur shoots an arrow.
The arrow hits you!
The centaur shoots an arrow.
The arrow hits you.
* * * LOW HITPOINT WARNING * * *
You see here an arrow.
The centaur shoots an arrow.
The arrow hits you!
* * * LOW HITPOINT WARNING * * *
The centaur unwields an uncursed shortbow.
The centaur hits you.
You die...

#.#..# .c. #.#..# ..
#.#..# ..# #.#..# ..#
###.#..# ...# .......#
#..####
###.##.############.......
................c((...#
#.#.############@####.#
#.#.# #......# # #.#
######## #.# #.


You could see a centaur.

Vanquished Creatures
  A centaur (D:3)
  A hound (D:4)
  Natasha (thrice) (D:3)
  3 adders
  2 oozes (D:3)
  A dart slug (D:2)
  2 worms
  3 leopard geckos
  A giant cockroach (D:1)
  8 goblins
  9 hobgoblins
  14 kobolds
  4 bats
  5 frilled lizards
  6 rats
63 creatures vanquished.

Notes
Turn   | Place    | Note
-------+----------+-------------------------------------------
     0 | D:1      | slep the Vine Stalker Gladiator began the quest for the Orb.
     0 | D:1      | Reached XP level 1. HP: 11/11 MP: 2/2
    61 | D:1      | Reached XP level 2. HP: 13/15 MP: 1/3
   316 | D:1      | Reached skill level 3 in Axes
   933 | D:2      | Found a shadowy altar of Dithmenos.
   964 | D:2      | Reached XP level 3. HP: 12/18 MP: 4/4
  1096 | D:2      | Found a faded altar of an unknown god.
  1448 | D:2      | Reached skill level 1 in Armour
  1448 | D:2      | Gained mutation: Your natural rate of healing is unusually fast. [Vine Stalker growth]
  1448 | D:2      | Reached XP level 4. HP: 20/23 MP: 2/5
  1574 | D:3      | Noticed Natasha
  1580 | D:3      | Killed Natasha
  1615 | D:3      | Found a glowing golden altar of the Shining One.
  1682 | D:3      | Found a shattered altar of Ashenzari.
  1682 | D:3      | Found a radiant altar of Vehumet.
  1715 | D:3      | Found a blossoming altar of Fedhas.
  1718 | D:3      | Found a hazy altar of Hepliaklqana.
  1986 | D:3      | Reached XP level 5. HP: 26/26 MP: 6/6
  2036 | D:3      | Noticed a centaur
  2043 | D:3      | Killed a centaur
  2043 | D:3      | Reached skill level 4 in Axes
  2148 | D:3      | Noticed Natasha
  2152 | D:3      | Killed Natasha
  2152 | D:3      | Reached XP level 6. HP: 29/32 MP: 5/7
  2370 | D:3      | Noticed Natasha
  2377 | D:3      | Killed Natasha
  2505 | D:4      | Slain by a centaur

Vault maps used:
D:1:      onia_arrival_mini_spirals, serial_bayou, serial_bayou_pond_d,
          serial_bayou_shore_b, serial_bayou_pond_d, serial_bayou_pond_e,
          serial_bayou_crossing, serial_bayou_pond_b
D:2:      lemuel_crystal_altar, chequers_ecumenical_altar_island
D:3:      grunt_temple_overflow_cloverleaf, tso_metal_star, uniq_natasha
D:4:      serial_shops, kennysheep_mini, first_bread

Skill      XL: |  1  2  3  4  5 |
---------------+----------------+-----
Throwing       | 2 |  2.0
Axes           | 3 4 |  4.8
Fighting       | 2 |  2.6
Armour         | 1 |  1.7
Dodging        | 3 |  3.1
Stealth        | |  0.5

Action                   |  1- 3 |  4- 6 || total
-------------------------+-------+-------++-------
Melee: War axe           |    85 |    84 ||   169
       Bite              |    16 |    21 ||    37
  Eat: Chunk             |     2 |     3 ||     5
Armor: Ring mail         |    35 |    30 ||    65
Dodge: Dodged            |    69 |    54 ||   123

Table legend:
 A = Spawn XP
 B = Non-spawn XP
 C = Spawn XP percentage of total XP
 D = Spawn monster count
 E = Non-spawn monster count
 F = Spawn count percentage of total count
 G = Total turns spent on level
                    A         B        C        D         E        F      G
               +---------+---------+-------+---------+---------+-------+---------
         Total |       0 |     410 |   0.0 |       0 |      63 |   0.0 |  2505
               +---------+---------+-------+---------+---------+-------+---------
           D:1 |       0 |      32 |   0.0 |       0 |      18 |   0.0 |   933
           D:2 |       0 |      55 |   0.0 |       0 |      17 |   0.0 |   590
           D:3 |       0 |     279 |   0.0 |       0 |      26 |   0.0 |   860
           D:4 |       0 |      44 |   0.0 |       0 |       2 |   0.0 |   122
               +---------+---------+-------+---------+---------+-------+---------
